 Dungeon Crawl Stone Soup version 0.20-a0-16-g0876c8e (webtiles) character file.

663 KristoblXynda the Sneak (level 7, -3/45 HPs)
             Began as an Octopode Gladiator on Nov 4, 2016.
             Killed from afar by an orc wizard (7 damage)
             ... with a magic dart
             ... on level 4 of the Dungeon.
             The game lasted 00:06:13 (4009 turns).

KristoblXynda the Sneak (Octopode Gladiator)        Turns: 4009, Time: 00:06:13

Health: -3/45      AC:  2    Str: 14    XL:     7   Next: 56%
Magic:  7/7        EV: 16    Int: 10    God:
Gold:   279        SH:  0    Dex: 15    Spells: 1 memorised, 5 levels left

rFire  . . .     SeeInvis .     a - +1 long sword
rCold  + . .     Gourm    .     (no shield)
rNeg   . . .     Faith    .     b - +1 hat
rPois  .         Spirit   .     (no amulet)
rElec  .         Reflect  .     (no ring)
rCorr  .         Harm     .     i - ring of protection from cold
MR     .....                    h - ring of stealth
Stlth  +++++.....               (no ring)
                                (no ring)
                                (no ring)
                                (no ring)
                                (no ring)

@: no status effects
A: almost no armour, stealthy swim, amphibious, 8 rings, constrict 8, camouflage
1, gelatinous body 1
a: no special abilities


You were on level 4 of the Dungeon.
You were not hungry.

You visited 1 branch of the dungeon, and saw 4 of its levels.

You collected 279 gold pieces.

Inventory:

Hand Weapons
 a - a +1 long sword (weapon)
Missiles
 c - 3 throwing nets (quivered)
Armour
 b - a +1 hat (worn)
Jewellery
 h - a ring of stealth (on tentacle)
 i - a ring of protection from cold (right tentacle)
Scrolls
 f - a scroll of amnesia
 j - 3 scrolls of remove curse
 m - a scroll of immolation
 o - a scroll of enchant weapon
 s - a scroll of teleportation {unknown}
Potions
 e - 2 potions of flight
 g - a potion of might
 k - a potion of invisibility {unknown}
 n - a potion of brilliance {unknown}
 p - a potion of ambrosia {unknown}
 q - 2 potions of degeneration {unknown}
 r - 2 potions of resistance {unknown}
Books
 t - a book of Cantrips

   Spells                             Type                      Level
   a - Confusing Touch                Hexes                        1
   b - Animate Skeleton               Necromancy                   1
   c - Summon Small Mammal            Summoning                    1
   d - Apportation                    Translocation                1
Comestibles
 d - a bread ration


   Skills:
 - Level 2.0 Fighting
 + Level 5.3 Long Blades
 - Level 2.0 Throwing
 + Level 5.6 Dodging
 + Level 6.3 Stealth


You had 5 spell levels left.
You knew the following spells:

 Your Spells              Type           Power        Failure   Level  Hunger
a - Apportation           Tloc           #.........   38%         1    ##.....


Dungeon Overview and Level Annotations

Branches:
Dungeon (4/15)
 Temple: D:4-7

Altars:
Gozag
Makhleb
Vehumet
Zin


Innate Abilities, Weirdness & Mutations

You cannot wear most types of armour.
You are very stealthy in the water. (Stealth+)
You are amphibious.
You can wear up to eight rings at the same time.
You can use your tentacles to constrict eight enemies at once.
Your skin changes colour to match your surroundings (Stealth+).
Your rubbery body absorbs attacks. (AC +1, EV +1)


Message History

You hit something but do no damage. Something hits you.
* * * LOW HITPOINT WARNING * * *
The orc misses you.
Unknown command.
You hit the orc. You grab the orc. You squeeze the orc.
The orc is almost dead.
You constrict the orc.
You kill the orc!
Something hits you but does no damage.
You miss something. You squeeze something. Something hits you.
* * * LOW HITPOINT WARNING * * *
You closely miss something. Your squeeze misses something. Something hits you.
* * * LOW HITPOINT WARNING * * *
You miss something. You squeeze something. Something hits you.
* * * LOW HITPOINT WARNING * * *
You barely miss something.
You hear some strange, mumbled words.
A magic dart appears from out of thin air!
The magic dart hits you!
You die...

#.....#..,,* *,..o..
#.###.#....# *,...o# #.#
#.#....# *,...,* #.# #.#,...#
***##**,....# #.# #.####.###
*,...,,,,....
###.###........####....,,,,..%#
#.....#................,,,,,,,*
#####.#.....[........#*****,,,*
#.#......)@....### *,,,*
#.#...†..[{#####,*♣♣♣***,,*
#.#..........#.♣♣._.♣,,*,,*
#.#........#.........,,,,,*
#.###########........,,,,,* #.#
*#........,,,,,* #.#
*.........,,,,** #.#
#.##......,,*** #.#
#.**......,,*###


There were no monsters in sight!

Vanquished Creatures
  The ghost of KristoblXynda the Sneak, an amateur OpGl (D:4)
  Menkaure (D:4)
  A crimson imp (D:3)
  A hound (D:4)
  2 orc wizards (D:4)
  2 worker ants
  4 gnolls (D:3)
  14 adders
  2 oozes (D:2)
  An adder skeleton (D:4)
  5 worms
  A dart slug (D:2)
  A leopard gecko (D:4)
  3 orcs
  11 ball pythons
  2 giant cockroaches
  6 goblins
  3 hobgoblins
  6 jackals
  A quokka (D:2)
  7 bats
  3 frilled lizards
  10 kobolds
  A leopard gecko skeleton (D:4)
  A quokka zombie (D:4)
  9 rats
99 creatures vanquished.

Notes
Turn   | Place    | Note
-------+----------+-------------------------------------------
     0 | D:1      | KristoblXynda the Octopode Gladiator began the quest for the Orb.
     0 | D:1      | Reached XP level 1. HP: 14/14 MP: 1/1
   226 | D:1      | Reached skill level 1 in Stealth
   226 | D:1      | Reached XP level 2. HP: 12/19 MP: 2/2
   608 | D:2      | Reached skill level 2 in Stealth
   897 | D:2      | Reached XP level 3. HP: 24/24 MP: 3/3
  1253 | D:2      | Reached skill level 3 in Stealth
  1253 | D:2      | Reached XP level 4. HP: 28/29 MP: 4/4
  2065 | D:3      | Reached XP level 5. HP: 34/34 MP: 5/5
  2068 | D:3      | Reached skill level 4 in Stealth
  2567 | D:3      | Found an opulent altar of Gozag.
  2868 | D:3      | Found a burning altar of Makhleb.
  2877 | D:3      | Reached XP level 6. HP: 33/39 MP: 6/6
  2904 | D:4      | Noticed Menkaure
  2907 | D:4      | Noticed KristoblXynda's ghost (amateur OpGl)
  2913 | D:4      | Killed Menkaure
  2913 | D:4      | Reached skill level 5 in Stealth
  2940 | D:4      | Killed KristoblXynda's ghost
  2940 | D:4      | Reached skill level 5 in Long Blades
  2940 | D:4      | Reached skill level 5 in Dodging
  2940 | D:4      | Reached XP level 7. HP: 31/45 MP: 7/7
  3290 | D:4      | Found a radiant altar of Vehumet.
  3467 | D:4      | Reached skill level 6 in Stealth
  3759 | D:4      | Learned a level 1 spell: Apportation
  3980 | D:4      | Found a glowing silver altar of Zin.
  4009 | D:4      | Killed from afar by an orc wizard

Vault maps used:
D:1:      dpeg_arrival_brainrot, interstate_on_off, minmay_misc_feat_x
D:3:      wad_lake_hut, makhleb_grotto_becter, grunt_gozag_breadcrumbs
D:4:      zin_academy, lemuel_crystal_altar, lemuel_doored_altar,
          minmay_snake_closets, uniq_menkaure

Skill      XL: |  1  2  3  4  5  6  7 |
---------------+----------------------+-----
Stealth        | 1 2 3 4 5 6 |  6.3
Long Blades    | 4 5 |  5.3
Dodging        | 4 5 |  5.6
Fighting       | |  2.0
Throwing       | |  2.0

Action                   |  1- 3 |  4- 6 |  7- 9 || total
-------------------------+-------+-------+-------++-------
Melee: Long sword        |    52 |    95 |    68 ||   215
       Constrict         |    21 |    25 |    18 ||    64
       Tentacles         |    11 |    22 |    17 ||    50
  Use: Potion            |     1 |     1 |     1 ||     3
       Scroll            |       |     4 |     6 ||    10
 Stab: Sleeping          |     8 |    11 |    11 ||    30
       Distracted        |     1 |       |       ||     1
  Eat: Chunk             |     1 |     4 |     1 ||     6
       Meat ration       |       |       |     1 ||     1
       Pizza             |       |       |     1 ||     1
Armor: Skin              |    11 |    14 |     7 ||    32
Dodge: Dodged            |    41 |    71 |    58 ||   170
       Rpst.: Long sword |    18 |    18 |    15 ||    51
